 Dungeon Crawl Stone Soup version 0.17-a0-1411-g06ff558 (webtiles) character file.

84 urechis the Twirler (level 4, -2/26 HPs)
             Began as a Tengu Gladiator on June 23, 2015.
             Slain by an orc
             ... wielding a +0 flail
              (7 damage)
             ... on level 3 of the Dungeon.
             The game lasted 00:03:52 (1796 turns).

urechis the Twirler (Tengu Gladiator)               Turns: 1796, Time: 00:03:53

Health: -2/26      AC:  3    Str: 16    XL:     4   Next: 46%
Magic:  4/5        EV: 15    Int:  8    God:
Gold:   89         SH:  0    Dex: 15    Spells: 0 memorised, 3 levels left

rFire  . . .     SeeInvis .     a - +0 quarterstaff
rCold  . . .     Clarity  .     b - +0 leather armour
rNeg   . . .     SustAt   .     (no shield)
rPois  .         Gourm    .     c - +0 hat
rElec  .         Spirit   .     (no cloak)
rCorr  .         Warding  .     (no gloves)
rMut   .         Stasis   .     (boots unavailable)
MR     .....                    (no amulet)
Stlth  +.........               (no ring)
                                k - ring of flight

@: flying quickly and evasively, quick, not resistant to hostile enchantments,
very unstealthy
A: beak, talons 3
a: Stop Flying


You were on level 3 of the Dungeon.
You were not hungry.

You visited 1 branch of the dungeon, and saw 3 of its levels.

You collected 89 gold pieces.

Inventory:

Hand weapons
 a - a +0 quarterstaff (weapon)
Missiles
 d - 3 throwing nets (quivered)
Armour
 b - a +0 leather armour (worn)
 c - a +0 hat (worn)
Jewellery
 k - a ring of flight (left hand)
Magical devices
 p - a wand of slowing (16)
Scrolls
 h - a scroll of identify {unknown}
 i - a scroll of recharging {unknown}
 j - 2 scrolls of random uselessness {unknown}
 l - a scroll of fog {unknown}
Potions
 f - a potion of degeneration {unknown}
 g - 3 potions of curing {unknown}
 n - a potion of poison {unknown}
 o - a potion of brilliance {unknown}
Comestibles
 e - 2 bread rations
 m - a beef jerky


   Skills:
 - Level 2.0 Fighting
 * Level 5.6 Staves
 - Level 2.1 Throwing
 - Level 3.2 Dodging


You had 3 spell levels left.
You didn't know any spells.

Dungeon Overview and Level Annotations

Branches:
Dungeon (3/15)

Altars:
Cheibriados


Innate Abilities, Weirdness & Mutations

You have a beak for a mouth.
You have claws for feet.


Message History

You peck the orc priest, but do no damage.
The orc priest is moderately wounded.
The orc priest mumbles some strange prayers to Beogh.
You feel a wave of unholy energy pass over you.
You closely miss the orc priest.
The orc priest is moderately wounded.
The orc priest hits you with a club.
* * * LOW HITPOINT WARNING * * *
You hit the orc priest.
The orc priest is heavily wounded.
The orc priest hits you with a club.
* * * LOW HITPOINT WARNING * * *
You hit the orc priest.
The orc priest is almost dead.
Use which ability? (? or * to list)
You feel very buoyant.
You swoop lightly up into the air.
You feel somewhat more hungry.
The orc priest becomes somewhat translucent.
You barely miss the orc. The orc hits you with a flail!
You die...

######## #......#
#......#
####..<...#########
............@ooo....
.####.......######..
###.....# #...(.#
#)....# #.....#
#.....# #######


You could see an orc priest and 2 orcs.

Vanquished Creatures
  2 adders (D:2)
  3 gnolls (D:2)
  A worm (D:2)
  2 orcs (D:3)
  A ball python (D:2)
  2 bats (D:2)
  6 goblins
  5 hobgoblins
  2 jackals (D:2)
  4 kobolds
  4 giant newts
  4 rats
36 creatures vanquished.

Notes
Turn   | Place    | Note
--------------------------------------------------------------
     0 | D:1      | urechis the Tengu Gladiator began the quest for the Orb.
     0 | D:1      | Reached XP level 1. HP: 12/12 MP: 2/2
   608 | D:1      | Reached XP level 2. HP: 17/17 MP: 3/3
   641 | D:1      | Reached skill level 4 in Staves
   950 | D:2      | Reached XP level 3. HP: 19/21 MP: 4/4
  1379 | D:2      | Found a faded altar to an unknown god.
  1485 | D:2      | Reached skill level 5 in Staves
  1662 | D:2      | Found a snail-covered altar of Cheibriados.
  1674 | D:2      | Reached XP level 4. HP: 16/26 MP: 3/5
  1796 | D:3      | Slain by an orc

Vault maps used:
D:1:      scummos_arrival_forest
D:2:      cheibriados_altar_wand_db, ecumenical_altar_1, first_bread,
          moated_statue
D:3:      grunt_temple_overflow_order_and_chaos_2, yredelemnul_altar_generic

Action                   |  1- 3 |  4- 6 || total
-------------------------+-------+-------++-------
Melee: Quarterstaff      |    68 |    24 ||    92
 Abil: Evoke Flight      |     2 |     1 ||     3
 Stab: Distracted        |     1 |       ||     1
       Sleeping          |     1 |       ||     1
  Eat: Chunk             |     2 |     1 ||     3
